[Event "European Women Blitz-ch 2024"]
[Site "Monaco"]
[Date "2025.01.10"]
[Round "11.4"]
[White "Arabidze, Meri"]
[Black "Charkhalashvili, Inga"]
[Result "1-0"]
[Annotator "TA"]
[ECO "D36"]
[WhiteElo "2457"]
[BlackElo "2240"]
[PlyCount "153"]
[EventDate "2025.01.06"]
[EventType "swiss"]
[EventCountry "MNC"]
[SourceTitle "playchess.com"]
[Source "ChessBase"]
[SourceQuality "1"]
[TimeControl "180+2"]

1. d4 Nf6 2. c4 e6 3. Nf3 d5 4. Nc3 c6 5. cxd5 exd5 6. Bf4 Bd6 7. Bxd6 Qxd6 8. e3 O-O 9. Bd3 Re8 10. Qc2 h6 11. O-O Nbd7 12. a3 Qe7 13. Nd2 Nf8 14. Rae1 Bd7 15. f3 Qd6 16. Kh1 Re7 17. Nb3 Ne6 18. Qf2 c5 19. dxc5 Nxc5 20. Nxc5 Qxc5 21. Re2 Rae8 22. Rfe1 Bc6 23. Bb1 b5 24. Kg1 b4 25. axb4 Qxb4 26. Qg3 Qb6 27. Qf4 Bb7 28. Kf2 $2 (28. Bd3 $11 {and White is okay.}) 28... Ba6 $19 29. Rd2 {[%emt 0:00:02] [#]} Bc4 $2 ({Better is} 29... d4 $1 $19 30. Rxd4 (30. Qxd4 $2 Rd7 $19) 30... Qxb2+ 31. Ne2 Rxe3 (31... Bxe2 32. Rb4 $17) 32. Qxe3 Rxe3 33. Kxe3 Nh7) 30. Qd4 Qxd4 (30... Qb8 {looks sharper.} 31. Kg1 Rb7 32. Bf5 Bb3) 31. Rxd4 Rb8 32. Nd1 Bb3 33. Re2 Reb7 34. Bc2 Bc4 35. Red2 Bb3 36. Bxb3 Rxb3 37. Ra4 R8b7 38. Ke2 Rc7 39. Nc3 Rcb7 40. Ra2 (40. Nxd5 Nxd5 41. Rxd5 Rxb2+ 42. Rd2 Rxd2+ 43. Kxd2 Rb2+ 44. Ke1 Rxg2 $11) 40... g6 41. g4 (41. Nxd5 Nxd5 42. Rxd5 Rxb2+ 43. Rxb2 Rxb2+ 44. Kf1 Ra2 $11) 41... Kg7 42. h4 Kg8 43. g5 hxg5 44. hxg5 (44. Nxd5 $2 Nxd5 45. Rxd5 gxh4 $19 (45... Rxb2+ $2 46. Rd2 $19)) 44... Nh7 45. f4 (45. Nxd5 Nxg5 46. Nc3 Kg7 $11) (45. Rxd5 {simplifies} Rxb2+ 46. Rxb2 Rxb2+ 47. Kd3) 45... f6 $1 46. gxf6 Nxf6 47. Kf3 Kf7 48. Nxd5 Nxd5 49. Rxd5 Rxb2 (49... Re7 $1 $11 {keeps the balance.}) 50. Rxb2 $16 Rxb2 51. Rd7+ Ke6 52. Rxa7 Rb1 53. Ra6+ Kf7 54. Rd6 Ra1 55. Ke4 Ra4+ 56. Ke5 Ra3 57. Rd7+ (57. e4 $16) 57... Ke8 $11 58. Rb7 Rxe3+ 59. Kf6 Re4 60. Kg5 Kf8 61. Rb6 Kf7 62. Rf6+ $1 Ke7 $2 (62... Kg7 $11) 63. Kxg6 $18 Re1 {[%emt 0:00:03] [#]} 64. Rf5 $2 (64. Rf7+ $1 $18 {and the rest is easy.} Ke8 65. f5) 64... Rg1+ 65. Rg5 Rf1 66. Rf5 (66. f5 $16) 66... Rg1+ $11 67. Rg5 (67. Kh5 $11) 67... Rf1 $1 $16 68. f5 Rf2 69. Rg3 Rb2 $2 (69... Rf4 $16) 70. Kg7 Rf2 71. Re3+ Kd7 72. f6 Rg2+ 73. Kf8 Kd6 74. f7 Kd7 75. Re4 Rg3 76. Rd4+ Ke6 77. Ke8 1-0

[Event "European Women Blitz-ch 2024"]
[Site "Monaco"]
[Date "2025.01.10"]
[Round "11.5"]
[White "Osmak, Yuliia"]
[Black "Wagner, Dinara"]
[Result "0-1"]
[Annotator "TA"]
[ECO "A00"]
[WhiteElo "2463"]
[BlackElo "2437"]
[PlyCount "64"]
[EventDate "2025.01.06"]
[EventType "swiss"]
[EventCountry "MNC"]
[SourceTitle "playchess.com"]
[Source "ChessBase"]
[SourceQuality "1"]
[TimeControl "180+2"]

1. b4 Nf6 2. Bb2 d6 3. e3 e5 4. Nf3 g6 5. d4 e4 6. Nfd2 d5 7. b5 Bg7 8. c4 c6 9. Ba3 cxb5 10. cxb5 Bf8 11. Bxf8 Kxf8 12. Be2 Kg7 13. O-O h5 14. Nc3 Be6 15. f3 {[%emt 0:00:04] Inhibits Ng4.} exf3 16. Nxf3 Nbd7 17. Ng5 Qe7 18. Bd3 {[%emt 0:00:09] [#]} (18. Qd2 $15) 18... Bg4 (18... Ng4 $1 $17 19. Nxe6+ Qxe6) 19. Qd2 $11 Rac8 $2 (19... Rhf8 $14) 20. h3 $4 {[%emt 0:00:05][%mdl 8192] [#]} (20. Nxd5 $1 $18 Qa3 21. h3) 20... Rxc3 $1 $19 21. Qxc3 {[%emt 0:00:47] Threatens to win with Rae1.} Qxe3+ 22. Rf2 Qxg5 23. hxg4 $2 (23. Qc1 Qxc1+ 24. Rxc1) 23... hxg4 24. Re1 g3 {[%emt 0:00:09][%cal Og5h4] ( -> ...Qh4!)} 25. Rf3 Qh4 26. Kf1 Qh1+ 27. Ke2 Qxg2+ 28. Ke3 Re8+ 29. Kf4 Nh5+ 30. Kg4 Ndf6+ 31. Kh4 Qxf3 32. Kh3 Nf4+ 0-1

[Event "European Women Blitz-ch 2024"]
[Site "Monaco"]
[Date "2025.01.10"]
[Round "11.6"]
[White "Ushenina, Anna"]
[Black "Sliwicka, Alicja"]
[Result "1-0"]
[Annotator "TA"]
[ECO "A17"]
[WhiteElo "2418"]
[BlackElo "2344"]
[PlyCount "79"]
[EventDate "2025.01.06"]
[EventType "swiss"]
[EventCountry "MNC"]
[SourceTitle "playchess.com"]
[Source "ChessBase"]
[SourceQuality "1"]
[TimeControl "180+2"]

1. Nf3 d5 2. e3 Nf6 3. c4 e6 4. Nc3 a6 5. b3 b6 6. cxd5 exd5 7. Bb2 Bd6 8. g3 O-O 9. Bg2 c6 10. O-O Bg4 11. Rc1 Nbd7 12. Qc2 Rc8 13. Nd4 Bh5 14. d3 Bg6 {[%emt 0:00:05] Inhibits Nf5.} 15. Qd2 (15. Bh3 $14) 15... c5 (15... Ne5 $11) 16. Nde2 $16 d4 17. exd4 cxd4 18. Ne4 Nc5 {[%emt 0:00:15][%cal Rf6e4] [#]} 19. Nxf6+ (19. Nxd4 Nfxe4 20. dxe4 Nxe4 $14) (19. Nxd6 $1 $16 Qxd6 20. Rc4 (20. Bxd4 Nxd3 21. Rxc8 Rxc8 $14)) 19... Qxf6 $14 20. Bxd4 (20. Nxd4 $2 {loses.} Be5 21. Rc4 Nxd3 $19 (21... Bxd3 $2 22. Rxc5 bxc5 23. Qxd3 $19)) 20... Qe7 21. Nc3 (21. Bxc5 {simplifies} Rxc5 22. Nc3 Qd8 23. d4) 21... Nxd3 {[%emt 0:00:08] ...Qd7 is the strong threat.} 22. Nd5 Qe6 23. Rxc8 Rxc8 24. Nxb6 Rd8 (24... Bb4 $14 25. Qe3 Rc2) 25. Nc4 (25. Nd5 $16) 25... Bxg3 26. Bb6 {[%emt 0:00:08] Inhibits Bc7.} (26. hxg3 $14 {keeps the upper hand.} Rxd4 27. Qc3) 26... Bh4 $2 (26... Bf4 $17 27. Qd1 Rb8) 27. Bxd8 $18 Bxd8 28. Nb2 Qd6 29. Nxd3 Bxd3 30. Rd1 Bc7 31. Qxd3 Qxh2+ 32. Kf1 h5 33. Qxa6 {[%emt 0:00:06] Threatening mate with Qc8+.} Qf4 34. Qc4 Qe5 35. Qd5 (35. Bd5 $142 g6 36. Bxf7+ Kg7 37. Rd7 Bb8 38. Qc6 Bd6 39. Rxd6 (39. Qxd6 Qxd6 40. Rxd6 Kf8 $18) (39. Bxg6+ Be7 $18) 39... Kxf7 40. Rd7+ (40. Rxg6 h4 $18) 40... Qe7 41. Rxe7+ Kxe7 42. a4 (42. Qxg6 h4 43. Kg2 Kd7 44. Kh3 Kc7 45. a4 Kd7 46. a5 Kc7)) 35... Qh2 36. Qa8+ (36. Re1 $142 g6 37. Qd4 Qd6 38. Re8+ Qf8 39. Rxf8+ Kxf8 40. Qc5+ Kg7 41. Qc3+ (41. Qxc7 Kf6 42. f4 g5 43. Qe5+ Kg6 44. fxg5 Kh7 45. Qf6 Kg8 46. Bd5 h4 47. Qxf7+ Kh8 48. Qg8#) 41... f6 42. Qxc7+ Kh6 43. Qe7) 36... Kh7 37. Qe4+ g6 38. Rd7 Kg7 39. Qe7 Qf4 40. Rxc7 1-0

[Event "European Women Blitz-ch 2024"]
[Site "Monaco"]
[Date "2025.01.10"]
[Round "11.7"]
[White "Batsiashvili, Nino"]
[Black "Kulon, Klaudia"]
[Result "1-0"]
[Annotator "TA"]
[ECO "E66"]
[WhiteElo "2476"]
[BlackElo "2393"]
[PlyCount "121"]
[EventDate "2025.01.06"]
[EventType "swiss"]
[EventCountry "MNC"]
[SourceTitle "playchess.com"]
[Source "ChessBase"]
[SourceQuality "1"]
[TimeControl "180+2"]

1. d4 Nf6 2. c4 g6 3. Nf3 Bg7 4. g3 O-O 5. Bg2 d6 6. Nc3 Nc6 7. O-O a6 8. d5 Na5 9. Nd2 c5 10. Qc2 Rb8 11. b3 b5 12. Rb1 b4 13. Nce4 e6 14. Nxf6+ Bxf6 15. Ne4 Bg7 16. dxe6 Bxe6 17. Bb2 Nc6 18. Bxg7 Kxg7 19. Qb2+ f6 20. Nxc5 dxc5 21. Bxc6 Qc7 22. Bf3 Bf5 23. Rbd1 Rbd8 24. Rd5 Rxd5 (24... a5 $16 {was necessary.} 25. Rfd1 Be6) 25. cxd5 $18 Qd6 26. Rc1 Re8 27. Qd2 g5 28. e3 g4 29. Bg2 h5 30. Re1 (30. Qe2 $18) 30... Bg6 (30... Be4 $16 31. Bxe4 Rxe4) 31. e4 $18 Re5 32. Qf4 (32. Re2 $18) 32... Qe7 $2 (32... f5 $14) 33. Re3 $18 Qd6 34. h3 gxh3 35. Bxh3 a5 36. Be6 Qc7 $2 (36... a4 37. Kh2 (37. bxa4 c4 $14) 37... Qb6) 37. Rf3 $2 (37. g4 $18) 37... Qe7 {[%emt 0:00:02] [#]} (37... Qd8 $1 $11) 38. Re3 ({Better is} 38. Kh2 $1 $16) 38... a4 $2 (38... Qc7 $1 $11) 39. Bf5 $2 (39. bxa4 c4 $14) (39. Kh2 $18) 39... Bf7 $2 (39... Bxf5 $17 40. exf5 Rxe3 41. fxe3 Qe5 42. Qxe5 (42. bxa4 $2 {too greedy.} Qxf4 43. gxf4 c4 $19) 42... fxe5) 40. Rd3 Qd6 41. Qf3 ({Less strong is} 41. bxa4 c4 42. Rd1 (42. Rd4 Qc5 $18) 42... c3 $18) 41... c4 (41... Bg6 $142 42. Bxg6 (42. bxa4 c4 $16) 42... Kxg6) 42. bxc4 $18 b3 43. axb3 a3 44. Qe2 Re7 45. Qa2 Ra7 46. Rd2 Ra6 47. Rc2 Qc5 48. b4 Qxb4 49. c5 Ra5 (49... Rc6 $142 50. Qc4 Qb1+ 51. Kg2 Ra6 52. Qxa6 Qxc2 53. Qxa3 Bxd5 54. exd5 Qxf5) 50. c6 $18 Rc5 51. c7 Rxc2 52. Qxc2 Qb2 53. c8=Q Qd4 54. Q8c4 Qa7 55. Q2a2 Qb6 56. Qcb3 Qd4 57. Qbxa3 Qe5 58. Q2b3 h4 59. gxh4 Kh6 60. Qe3+ Kg7 61. Qg3+ 1-0

[Event "European Women Blitz-ch 2024"]
[Site "Monaco"]
[Date "2025.01.10"]
[Round "11.8"]
[White "Zhukova, Natalia"]
[Black "Rudzinska, Michalina"]
[Result "0-1"]
[Annotator "TA"]
[ECO "D38"]
[WhiteElo "2306"]
[BlackElo "2226"]
[PlyCount "75"]
[EventDate "2025.01.06"]
[EventType "swiss"]
[EventCountry "MNC"]
[SourceTitle "playchess.com"]
[Source "ChessBase"]
[SourceQuality "1"]
[TimeControl "180+2"]

1. c4 e6 2. Nc3 d5 3. d4 Nf6 4. Nf3 Bb4 5. Bg5 h6 6. Bxf6 Qxf6 7. e3 O-O 8. Rc1 c5 (8... dxc4 $11 9. Bxc4 c5) 9. dxc5 ({White should play} 9. cxd5 $14 Rd8 10. Qb3) 9... Bxc5 (9... dxc4 $11 10. Bxc4 Nd7) 10. cxd5 $16 Rd8 11. Qb3 b6 (11... exd5 $16 {was necessary.} 12. Nxd5 Qd6) 12. Ne4 Qf5 13. Nxc5 bxc5 14. Bd3 (14. Rxc5 $6 Qb1+ 15. Kd2 Ba6 $14) 14... Qg4 (14... Qf6 $16) 15. O-O $18 (15. Rxc5 Nd7 (15... Qxg2 $2 16. Rg1 $18) 16. Ra5 Qxg2 $17) 15... exd5 16. Rxc5 Be6 17. Nd4 Nd7 18. Rc7 Ne5 19. Be2 Qh4 20. Qc3 Bg4 21. f3 Bd7 22. Nb3 Ng6 23. Nc5 Be8 24. Nb7 Rdb8 (24... Rd7 $16) 25. Nd6 Qg5 (25... Qb4 $142) 26. g3 {[%emt 0:00:07] and f4 should not be overlooked} Rd8 27. Nb7 (27. f4 $18 Qf6 28. Qxf6 gxf6 29. Nf5) 27... Rdb8 (27... Rd7 $16) 28. Ba6 $2 (28. f4 $18 {is the precise move to win.} Qf6 29. Qxf6 gxf6 30. Rfc1) 28... Qf5 (28... Nf8 $16) 29. Nd6 (29. Nc5 $18 {has better winning chances.}) 29... Qe6 $16 30. Bb7 (30. Nxe8 $16 Rxe8 31. Bb7) 30... Qxd6 $15 31. Bxa8 Rxa8 32. Rc8 {[%emt 0:00:01] [#]} Rxc8 $1 33. Qxc8 Qe7 $36 {[%emt 0:00:01][%mdl 2048] Keeping White busy.} 34. Kf2 {[%emt 0:00:02] [#]} (34. Qc3 $142) 34... Kh7 (34... Ne5 $1 $17 35. Rd1 Nc4) 35. Rc1 (35. Rd1 $11 {remains equal.}) 35... Bb5 (35... Qf6 $17 {[%cal Og6e5] Hoping for ...Ne5!.} 36. Qc2 d4 37. exd4 Qxd4+ 38. Kg2 Qe3) 36. a3 $2 (36. Qc5 $11 {and White has nothing to worry.} Qb7 37. Qc2) 36... Qf6 $2 (36... d4 $19 37. exd4 Qe2+ 38. Kg1 Qe3+ (38... Qxb2 $2 39. Qc3 $19) 39. Kg2 Qd2+ (39... Qxd4 40. Qc3 $17) 40. Kg1 Qxd4+ 41. Kh1 Be2 (41... Qxb2 $2 42. Rc2 $19)) 37. Qc3 $2 (37. Qc2 $17) 37... Ne5 $19 38. Rf1 0-1

[Event "European Women Blitz-ch 2024"]
[Site "Monaco"]
[Date "2025.01.10"]
[Round "11.9"]
[White "Stefanova, Antoaneta"]
[Black "Injac, Teodora"]
[Result "1-0"]
[Annotator "TA"]
[ECO "D77"]
[WhiteElo "2418"]
[BlackElo "2453"]
[PlyCount "51"]
[EventDate "2025.01.06"]
[EventType "swiss"]
[EventCountry "MNC"]
[SourceTitle "playchess.com"]
[Source "ChessBase"]
[SourceQuality "1"]
[TimeControl "180+2"]

1. d4 Nf6 2. Nf3 g6 3. g3 Bg7 4. Bg2 O-O 5. O-O d5 6. c4 dxc4 7. Na3 a5 8. Nxc4 a4 9. Nfe5 Nfd7 10. Bf4 Nxe5 11. Bxe5 Bh6 12. d5 $1 {[%emt 0:00:15] Dodges Nc6} Nd7 13. Bc3 {[%emt 0:00:06] White has more active pieces.} Nf6 14. e4 e6 15. Bb4 (15. d6 $16) 15... Re8 $1 $14 16. d6 Bf8 (16... e5 $11 {remains equal.}) 17. Rc1 $36 {[%emt 0:00:24][%mdl 2048] Strongly threatening dxc7. White is really pushing.} b5 $2 (17... cxd6 $16 18. Bxd6 (18. Nxd6 Bxd6 19. Qxd6 Qxd6 $16) 18... Bd7) 18. Ne3 (18. e5 $18 Nd5 19. dxc7 (19. Bxd5 exd5 20. dxc7 Qxc7 $18) 19... Qxc7 20. Nd6 (20. Bxd5 exd5 21. Nd6 Bxd6 $18) 20... Bxd6 21. Rxc7 Bxc7 22. Bxd5 exd5 23. Re1 (23. Qxd5 Be6 $18)) 18... Bxd6 $2 {[%emt 0:00:13] [#]} (18... e5 $16) 19. e5 $1 $18 Bxb4 20. Qxd8 Rxd8 21. Bxa8 Nd5 (21... Nd7 {is a better defense.} 22. Rfd1 (22. Rxc7 Ba5 $16) 22... Rf8) 22. Rfd1 c5 23. Nxd5 exd5 24. Bxd5 ({Resist} 24. Rxd5 Rf8 25. a3 Be6 $18) 24... Rf8 25. a3 Ba5 26. Rxc5 1-0

[Event "European Women Blitz-ch 2024"]
[Site "Monaco"]
[Date "2025.01.10"]
[Round "11.10"]
[White "Javakhishvili, Lela"]
[Black "Narva, Mai"]
[Result "0-1"]
[Annotator "TA"]
[ECO "A05"]
[WhiteElo "2426"]
[BlackElo "2398"]
[PlyCount "96"]
[EventDate "2025.01.06"]
[EventType "swiss"]
[EventCountry "MNC"]
[SourceTitle "playchess.com"]
[Source "ChessBase"]
[SourceQuality "1"]
[TimeControl "180+2"]

1. Nf3 Nf6 2. b3 c5 3. Bb2 Nc6 4. g3 d6 5. Bg2 e5 6. O-O Be7 7. c4 O-O 8. Nc3 h6 9. d3 Be6 10. Rc1 a6 11. Nd2 d5 12. cxd5 Nxd5 13. Nde4 (13. Nc4 $11) 13... b6 14. e3 Rc8 (14... Ndb4 $15 15. Qe2 Qd7 (15... Nxd3 16. Rcd1 $11) (15... Qxd3 16. Qh5 $11)) 15. Qe2 f5 16. Nd2 Ndb4 17. Nc4 b5 (17... Nxd3 18. Rcd1 e4 19. Nxe4 $14) 18. Nd2 $2 (18. Rcd1 $11 {and White has nothing to worry.}) 18... Nxd3 $19 19. Rb1 Nxb2 (19... e4 20. Ba1 $19) 20. Rxb2 e4 21. f3 Bf6 22. Rc2 Nb4 23. Rcc1 Qd3 24. fxe4 Rcd8 (24... Bxc3 25. Qxd3 Nxd3 26. Rxc3 fxe4 27. Bxe4 Rxf1+ 28. Kxf1 $11) 25. Qxd3 Nxd3 (25... Rxd3 26. exf5 Bxc3 27. Ne4 Nxa2 (27... Rxf5 28. Rxc3 Rxf1+ 29. Bxf1 $17) (27... Bxf5 28. Nxc3 Rxe3 29. a4 $17) 28. fxe6 Nxc1 (28... Rxe3 29. e7 $11) 29. Rxc1 $17) 26. Nd5 Nxc1 27. Rxc1 Bxd5 28. exd5 Bg5 29. Kf2 Rfe8 30. Nf1 Rc8 31. h4 (31. d6 Red8 32. h4) 31... Be7 $19 32. Bh3 g6 33. h5 Kg7 (33... gxh5 34. Bxf5 Rf8 35. e4 $17) 34. hxg6 Kxg6 35. Nd2 (35. e4 fxe4 36. Bxc8 Rf8+ (36... Rxc8 $2 37. Rd1 $17) 37. Ke2 Rxc8 38. Ne3) 35... Bg5 $19 36. Rc3 Re5 37. Rd3 (37. Nf3 Ree8 (37... Rxd5 38. e4 $11) 38. d6) 37... Rce8 $19 38. Nf1 c4 39. bxc4 bxc4 40. Rd4 (40. Rc3 $142) 40... Rxe3 $19 ({Don't do} 40... Bxe3+ 41. Nxe3 Rxe3 42. Bf1) 41. d6 Re2+ 42. Kf3 Re1 43. d7 Rd8 44. Nd2 (44. Rxc4 {is a better defense.} a5 (44... Rxd7 $2 45. Ra4 $19) 45. Rc5) 44... Re3+ 45. Kg2 Re2+ 46. Kf3 Rxd2 47. Rxc4 R8xd7 48. Rc6+ R7d6 0-1

[Event "European Women Blitz-ch 2024"]
[Site "Monaco"]
[Date "2025.01.10"]
[Round "11.11"]
[White "Bellaiche, Elise"]
[Black "Cramling Bellon, Anna"]
[Result "0-1"]
[Annotator "TA"]
[ECO "B22"]
[WhiteElo "2021"]
[BlackElo "2052"]
[PlyCount "102"]
[EventDate "2025.01.06"]
[EventType "swiss"]
[EventCountry "MNC"]
[SourceTitle "playchess.com"]
[Source "ChessBase"]
[SourceQuality "1"]
[TimeControl "180+2"]

1. e4 c5 2. Nf3 Nc6 3. c3 Nf6 4. e5 Nd5 5. d4 cxd4 6. cxd4 d6 7. Bc4 e6 8. O-O Be7 9. Re1 O-O 10. Nc3 dxe5 11. Nxe5 Nxe5 12. Rxe5 Bf6 13. Re1 Nb6 14. Bd3 Bxd4 15. Be3 e5 (15... Bxe3 $15 16. Rxe3 Rb8) 16. Bxd4 exd4 17. Ne4 Bf5 18. Qf3 Bg6 19. Rad1 Rc8 20. h3 Qd5 21. Qg3 ({White should play} 21. Nd2 $15) 21... Qxa2 (21... Rce8 $1 $17 22. f3 Qxa2) 22. h4 Qd5 23. Bb1 (23. Ng5 $17) 23... Nc4 (23... Rfe8 $19 24. f3 Rcd8) 24. b3 Na3 25. Bd3 (25. Qf3 $17 Kh8 (25... Nxb1 26. Nf6+ gxf6 27. Qxd5 $18) 26. Bd3) 25... Nc2 26. Bxc2 Rxc2 27. Ng5 (27. Qd3 Rb2 28. Qxd4 Qxd4 (28... Qxb3 29. Nc5 $17) 29. Rxd4) 27... h6 28. Nf3 (28. Re5 $142 Qd7 29. h5) 28... d3 $19 (28... Qxb3 29. Rxd4 Qb6 30. Rd7 $19) 29. Rd2 Rxd2 30. Nxd2 Rc8 31. Re5 Rc1+ 32. Kh2 Qd8 33. h5 {[%emt 0:00:03] [#]} Bh7 (33... f6 $1 $19 34. Re3 Bh7 (34... Bxh5 $2 35. Rxd3 Qc7 36. Qxc7 $19)) 34. Qe3 $2 (34. Rd5 $17 Qc8 (34... Qxd5 35. Qb8+) 35. Nc4) 34... Rc8 35. g3 {[%emt 0:00:07] Dodges Qh4+} f6 36. Re7 {[%emt 0:00:29] [#]} Qf8 ({Better is} 36... Kh8 $1 $19 37. Rxb7 Qd5) 37. Qe6+ (37. Rxb7 $17 {was necessary.} Qe8 38. Qxe8+ Rxe8 39. Rxa7) 37... Kh8 38. Qe3 f5 $2 (38... Bg8 $19 {and ...Qd8 would now be decisive} 39. Rxb7 Rc5) 39. Re5 $2 {[%emt 0:00:00] [#]} (39. Rxb7 $15 f4 40. Qxf4) 39... f4 $1 40. gxf4 (40. Qxf4 Qxf4) 40... Qf7 41. Re7 (41. Kg3 $142) 41... Qxh5+ 42. Kg2 (42. Qh3 $142 Qc5 43. Kg2) 42... Qg4+ (42... Rc1 $142 {( -> ...Qh1+)} 43. Re8+ Bg8) 43. Qg3 Qxg3+ 44. Kxg3 {[%emt 0:00:00][%mdl 4096] Endgame KRB-KRN. Black is two pawns up.} Rc2 45. Re8+ Bg8 46. Nf3 Kh7 47. Nd4 $2 (47. Re7) 47... Rc3 {[%emt 0:00:01] ( -> ...d2+)} 48. Nf5 Bxb3 (48... Bd5 $142 49. Re3 d2 (49... Rxb3 $2 50. Ne7 $19) (49... Bxb3 $2 50. Nd4 $19) 50. Rxc3 d1=Q (50... d1=R $2 51. f3 $17)) 49. Re7 d2+ 50. Kg2 d1=Q 51. Rxg7+ Kh8 0-1

[Event "European Women Blitz-ch 2024"]
[Site "Monaco"]
[Date "2025.01.10"]
[Round "11.12"]
[White "Vega Gutierrez, Sabrina"]
[Black "Atalik, Ekaterina"]
[Result "0-1"]
[Annotator "TA"]
[ECO "C11"]
[WhiteElo "2393"]
[BlackElo "2395"]
[PlyCount "88"]
[EventDate "2025.01.06"]
[EventType "swiss"]
[EventCountry "MNC"]
[SourceTitle "playchess.com"]
[Source "ChessBase"]
[SourceQuality "1"]
[TimeControl "180+2"]

1. e4 c6 2. d4 d5 3. f3 e6 4. Nc3 Qb6 5. a3 Nf6 6. e5 Nfd7 7. f4 c5 8. Nf3 Nc6 9. Be3 cxd4 10. Nxd4 Nxd4 11. Bxd4 Bc5 12. Na4 Qa5+ {[%emt 0:00:06] The position is equal.} 13. b4 Qxa4 14. bxc5 Qc6 15. a4 O-O (15... Nxc5 $2 16. Bb5 Ne4 17. c4 $18 (17. Bxc6+ bxc6 18. O-O O-O $18)) 16. Bb5 Qc7 17. Bxd7 Bxd7 18. O-O b6 19. cxb6 axb6 20. c3 Ra6 21. Qb3 Rfa8 22. f5 Bxa4 23. Qb1 exf5 24. Qxf5 b5 25. Rae1 Re6 26. Rf3 Rae8 27. Rh3 Rg6 28. Rf1 Qc8 $2 {[%emt 0:00:06][%mdl 8192] [#]} (28... Re7 $11) 29. Qf4 $2 Qe6 {[%emt 0:00:02] Active counter play!} ({And not} 29... Qxh3 30. Qxf7+ Kh8 31. Qxe8#) 30. Rh5 (30. Rhf3 $11 {keeps the balance.}) 30... Bc2 $40 {[%emt 0:00:06][%cal Ob5b4][%mdl 128] Hoping for ...b4! Black is out for blood.} 31. h3 Be4 32. Rf2 Rb8 {[%emt 0:00:13] White must now prevent ...h6.} 33. Bc5 $2 {[%emt 0:00:02] [#]} (33. Rg5 $17) 33... Rc8 34. Bd4 Rc4 {[%emt 0:00:04] White is weak on the light squares} 35. Kh2 b4 36. Qd2 (36. Qe3) 36... bxc3 $19 37. Bxc3 Qc6 38. Bd4 (38. Rh4 $142 h6 (38... Rxc3 39. Rxe4 Re6 40. Ref4 $15) 39. Rxe4 Rxe4 (39... dxe4 $2 40. Bb2 $19) 40. Rf3) 38... Rc2 39. Qa5 h6 ({Inferior is} 39... Bxg2 40. Qd8+) (39... Rxg2+ $142 40. Rxg2 Rxg2+ 41. Kh1 Rd2+ 42. Kg1 Qc1#) 40. Qd8+ Kh7 41. g4 Rxf2+ {[%emt 0:00:04] Black mates.} 42. Bxf2 Qc2 43. Kg1 Qd1+ 44. Kh2 Qf3 {[%emt 0:00:02] Weighted Error Value: White=0.99/Black=0.51.  Loses game:     	White=1     	Black=1      Missed win:     	White=1     	---        Mistake:       	White=1     	---        Inaccurate:     	White=7     	Black=3      OK:         	White=8     	Black=10} 0-1

[Event "European Women Blitz-ch 2024"]
[Site "Monaco"]
[Date "2025.01.10"]
[Round "11.13"]
[White "Shvedova, Alexandra"]
[Black "Matnadze Bujiashvili, Ann"]
[Result "1-0"]
[Annotator "TA"]
[ECO "B12"]
[WhiteElo "2266"]
[BlackElo "2315"]
[PlyCount "69"]
[EventDate "2025.01.06"]
[EventType "swiss"]
[EventCountry "MNC"]
[SourceTitle "playchess.com"]
[Source "ChessBase"]
[SourceQuality "1"]
[TimeControl "180+2"]

1. e4 c6 2. d4 d5 3. e5 Bf5 4. Nf3 Bg4 5. Be2 e6 6. O-O h5 7. Nbd2 g6 8. Nb3 Nh6 9. Bg5 Be7 10. Bxe7 Qxe7 11. Qd2 Nf5 12. a4 Nd7 13. a5 Kf8 14. Rac1 c5 15. c4 dxc4 16. Rxc4 cxd4 $2 (16... b5 $11 {and Black is okay.} 17. axb6 axb6) 17. Nbxd4 $18 Bxf3 18. Nxf3 Nc5 (18... Rd8 $142) 19. b4 Na6 20. Rfc1 Kg7 $2 (20... b5) 21. b5 Rad8 22. Qc3 (22. Qg5 $142) 22... Nb8 23. Bd3 b6 24. axb6 axb6 25. Be4 {[%emt 0:00:08] Inhibits Rd5.} Rd7 26. h3 Rhd8 27. Bxf5 gxf5 28. Qe3 Rd1+ 29. Rxd1 Rxd1+ 30. Kh2 {[%emt 0:00:01][%cal Of3d4] Black must now prevent Nd4!.} Nd7 $2 (30... Qd8 31. Ng5 Rd3) 31. Rh4 Kg6 32. Qf4 {[%emt 0:00:03] Threatening mate with Qg3+.} Nf8 33. g4 (33. Qg3+ $142 Kh6 34. Qg8 f6 35. g4 (35. Qh8+ Kg6 $18) 35... fxg4 36. hxg4 Qe8 37. exf6 (37. gxh5 Qe7 $18) 37... Qb8+ 38. Kg2 Qg3+ 39. fxg3 (39. Kxg3 Rg1+ 40. Nxg1 Nh7 41. Rxh5#) 39... Rg1+ 40. Kxg1 Nh7 41. Rxh5#) 33... fxg4 34. hxg4 Qd8 35. Rxh5 1-0

[Event "European Women Blitz-ch 2024"]
[Site "Monaco"]
[Date "2025.01.10"]
[Round "11.14"]
[White "Khademalsharieh, Sarasadat"]
[Black "Kazarian, Anna-Maja"]
[Result "1-0"]
[Annotator "TA"]
[ECO "D10"]
[WhiteElo "2458"]
[BlackElo "2206"]
[PlyCount "69"]
[EventDate "2025.01.06"]
[EventType "swiss"]
[EventCountry "MNC"]
[SourceTitle "playchess.com"]
[Source "ChessBase"]
[SourceQuality "1"]
[TimeControl "180+2"]

1. d4 d5 2. c4 c6 3. cxd5 cxd5 4. Bf4 Nc6 5. e3 Nf6 6. Nc3 a6 7. Bd3 e6 8. Nf3 Bd6 9. Bxd6 Qxd6 10. O-O O-O 11. Rc1 b5 12. e4 dxe4 13. Nxe4 Nxe4 14. Bxe4 Bb7 15. Ne5 (15. d5 {simplifies} Ne7 16. Qd3 Bxd5 17. Bxh7+ Kh8 18. Be4) 15... Rac8 16. Qh5 (16. Re1 $11) 16... f5 (16... g6 $17 17. Qh6 Nxd4 18. Rxc8 Bxc8) 17. Bxc6 $11 Bxc6 18. Nxc6 Rxc6 19. Qe2 Rfc8 20. Rxc6 Rxc6 {[%emt 0:00:02][%mdl 4096] Endgame KQR-KQR} 21. Rd1 Qd5 22. b3 g6 23. h4 Kf7 24. Qe3 Rc7 25. Qh6 Kg8 26. h5 $36 {[%emt 0:00:02][%mdl 2048] White has good play.} gxh5 (26... Rg7 $11) 27. Qxh5 Rf7 28. Rc1 Qd7 {[%emt 0:00:01] Inhibits Rc8+.} ({Black should play} 28... Qxd4 $14 29. Rc6 Rf6) 29. Rc3 {[%emt 0:00:01] White is more active.} (29. Qh4 $16) 29... Rg7 {[%emt 0:00:02] [#]} (29... Qxd4 $11 {keeps the balance.} 30. Rc8+ Rf8) 30. Re3 (30. Qe2 $1 $16) 30... Kf8 $2 (30... Rg6 $11 {and Black has nothing to worry.}) 31. Qh6 $18 Qd5 32. Rg3 $2 (32. Qxe6 $2 Qxg2#) ({Better is} 32. g3 $18 Qxd4 33. Qxe6) 32... Qd7 $2 {[%emt 0:00:01][%mdl 8192] [#]} (32... Qxd4 $11 33. Rxg7 Qa1+ 34. Kh2 Qxg7 35. Qxe6 Qc7+ 36. g3 Qc5) 33. Qf6+ $1 Qf7 $2 (33... Kg8 34. Rxg7+ Qxg7 35. Qxe6+ Qf7 36. Qxa6 Qe8) 34. Qd8+ Qe8 35. Qxe8+ 1-0